 Dungeon Crawl Stone Soup version 0.29.1-12-g30fa7ad0bf (webtiles) character file.

Game seed: 2843830111620179643

710 rakiston the Cleaver (level 7, -1/64 HPs)
             Began as a Minotaur Berserker on Jan 7, 2023.
             Was a Priest of Trog.
             Slain by Pikel
             ... wielding a +0 whip of electrocution
              (11 damage)
             ... on level 5 of the Dungeon.
             The game lasted 00:14:54 (4016 turns).

rakiston the Cleaver (Minotaur Berserker)           Turns: 4016, Time: 00:14:55

Health: -1/64      AC:  7    Str: 23    XL:     7   Next: 40%
Magic:  6/6        EV: 11    Int:  4    God:    Trog [***...]
Gold:   166        SH:  0    Dex: 10    Spells: 6/6 levels left

rFire   . . .      SeeInvis .   a - +0 hand axe
rCold   . . .      Faith    .   (no shield)
rNeg    . . .      Spirit   .   v - +0 ring mail
rPois   .          Reflect  .   (helmet restricted)
rElec   .          Harm     .   (no cloak)
rCorr   .          Rampage  .   (no gloves)
Will    .....                   q - +1 pair of boots
Stlth   ..........              z - amulet of regeneration
HPRegen 1.00/turn               (no ring)
MPRegen 0.10/turn               (no ring)

@: on berserk cooldown, slowed, very slow
A: horns 2, retaliatory headbutt
a: Renounce Religion, Berserk, Trog's Hand


You were on level 5 of the Dungeon.
You worshipped Trog.
Trog was most pleased with you.
You visited 1 branch of the dungeon, and saw 5 of its levels.

You collected 166 gold pieces.

Inventory:

Hand Weapons
 a - a +0 hand axe (weapon)
Missiles
 i - 6 javelins (quivered)
 o - 6 curare-tipped darts
Armour
 b - a +0 animal skin
 h - a +0 leather armour
 q - a +1 pair of boots (worn)
 v - a +0 ring mail (worn)
Jewellery
 j - a ring of magical power
 l - a +6 ring of strength
 z - an amulet of regeneration (around neck)
Wands
 s - a wand of flame (6)
Scrolls
 e - 2 scrolls of fear
 k - 2 scrolls of silence
 p - a scroll of magic mapping
 u - a scroll of vulnerability {unknown}
 w - a scroll of enchant armour
 x - a scroll of teleportation {unknown}
 y - a scroll of noise {unknown}
 A - 2 scrolls of identify
Potions
 c - a potion of lignification
 d - a potion of degeneration
 f - a potion of haste
 g - 2 potions of heal wounds
 m - 3 potions of might
 n - a potion of berserk rage {unknown}
 r - a potion of mutation {unknown}
 t - a potion of brilliance {unknown}
 B - a potion of flight {unknown}


   Skills:
 + Level 6.5 Fighting
 + Level 8.9 Axes
 - Level 2.5 Armour
 - Level 2.2 Dodging


You had 6 spell levels left.
You didn't know any spells.
Your spell library was empty.

Dungeon Overview and Level Annotations

Branches:
Dungeon (5/15)
 Temple: D:4-7

Altars:
Ashenzari

Annotations:
D:2 1 runed translucent door, Crazy Yiuf
D:5 Pikel


Innate Abilities, Weirdness & Mutations

You have a pair of horns on your head.
You reflexively headbutt those who attack you in melee.


Message History

You feel less confused.
Pikel zaps a wand.
You resist with some effort.
You barely miss Pikel. Your headbutt misses Pikel.
Pikel is lightly wounded.
Pikel hits you with a +0 whip of electrocution.
A red film seems to cover your vision as you go berserk!
You feel yourself moving faster!
You feel mighty!
Pikel hits you with a +0 whip of electrocution!
You slash Pikel! Your headbutt misses Pikel.
Pikel is moderately wounded.
You closely miss Pikel. Your headbutt misses Pikel.
Pikel is moderately wounded.
Pikel hits you with a +0 whip of electrocution.
You are electrocuted!!
You completely miss Pikel. You headbutt Pikel!
Pikel is severely wounded.
You barely miss Pikel.
Pikel is severely wounded.
Pikel zaps a wand.
Your will is overpowered!
You are confused.
You bump into the rock wall.
Pikel hits you but does no damage.
You feel a strong urge to attack something.
You bump into the rock wall.
Pikel closely misses you.
You bump into the rock wall.
You feel your anger nearly subside.
You are no longer berserk.
You are exhausted.
You feel yourself slow down. Pikel hits you but does no damage.
You miss Pikel. Your headbutt misses Pikel.
Pikel is severely wounded.
Pikel hits you with a +0 whip of electrocution.
You are electrocuted!
* * * LOW HITPOINT WARNING * * *
You bump into the rock wall.
You feel less confused.
Pikel zaps a wand.
You resist with some effort. Pikel attacks as you move away!
Pikel hits you with a +0 whip of electrocution.
* * * LOW HITPOINT WARNING * * *
You are electrocuted!
You die...

### #......#
#..####
#.####.###)....#
#.# #....)..###
#.# #####.#.#
#.# #.#.# #.#
###.# #.# #.#
#.. #.#
#.#####@#
#.5h55K.#
#.#######


You could see Pikel, 3 lemures and a hound.

Vanquished Creatures
  Menkaure (D:4)
  An ice beast (D:5)
  An ogre (D:4)
  A lemure (D:5)
  A necrophage (D:4)
  A scorpion (D:4)
  A howler monkey (D:4)
  2 orc priests (D:5)
  An orc wizard (D:5)
  4 gnolls (D:5)
  2 adders
  A white imp (D:5)
  2 ufetubi
  A worm (D:4)
  A dart slug (D:2)
  7 orcs
  3 bats
  6 endoplasms
  4 giant cockroaches
  7 goblins
  7 hobgoblins
  9 jackals
  A quokka (D:4)
  8 ball pythons
  9 frilled lizards
  10 kobolds
  3 rats
95 creatures vanquished.

Notes
Turn   | Place    | Note
-------+----------+-------------------------------------------
     0 | D:1      | rakiston the Minotaur Berserker began the quest for the
                  | Orb.
     0 | D:1      | Reached XP level 1. HP: 19/19 MP: 0/0
    38 | D:1      | Reached XP level 2. HP: 24/27 MP: 1/1
   101 | D:1      | Reached skill level 4 in Axes
   629 | D:1      | Reached ** piety under Trog
   725 | D:2      | Reached XP level 3. HP: 33/33 MP: 2/2
  1405 | D:2      | Found a faded altar of an unknown god.
  1632 | D:2      | Found a runed translucent door.
  1633 | D:2      | Noticed Crazy Yiuf
  2293 | D:3      | Reached skill level 5 in Axes
  2647 | D:3      | Found a broken altar of Ashenzari.
  2757 | D:4      | Noticed a necrophage
  2764 | D:4      | Killed a necrophage
  2765 | D:4      | Reached skill level 5 in Fighting
  2765 | D:4      | Reached XP level 4. HP: 42/42 MP: 3/3
  2770 | D:4      | Reached XP level 5. HP: 48/48 MP: 4/4
  2979 | D:4      | Reached skill level 6 in Axes
  2984 | D:4      | Noticed an ogre
  2989 | D:4      | Killed an ogre
  3006 | D:4      | Noticed Menkaure
  3027 | D:4      | Killed Menkaure
  3028 | D:4      | Reached skill level 7 in Axes
  3028 | D:4      | Reached XP level 6. HP: 13/57 MP: 5/5
  3686 | D:5      | Entered Level 5 of the Dungeon
  3718 | D:5      | Reached skill level 8 in Axes
  3731 | D:5      | Identified the +0 scale mail "Gywoskymoh" {Harm Fly Regen+
                  | Str-5}
  3757 | D:5      | Reached XP level 7. HP: 63/63 MP: 6/6
  3757 | D:5      | Reached *** piety under Trog
  3980 | D:5      | Noticed Pikel
  4016 | D:5      | Slain by Pikel

Illustrated notes

Levels and vault maps discovered:
D:1:      minmay_arrival_semitransparent, layout_loops_ring
D:2:      layout_loops_corners, hellmonk_ecumenical_altar_run_dry,
          uniq_crazy_yiuf_cottage
D:3:      layout_loops_ring, nicolae_overflow_hidden_temple, dk_noncrumbling_2
D:4:      layout_basic, nicolae_figureground_pulse, uniq_menkaure
D:5:      layout_basic, temple_fountains, uniq_eustachio, uniq_pikel

Skill      XL: |  1  2  3  4  5  6 |
---------------+-------------------+-----
Axes           | 4 5 7 8 |  8.9
Fighting       | 4 5 6 |  6.5
Armour         | |  2.5
Dodging        | |  2.2

Action                   |  1- 3 |  4- 6 |  7- 9 || total
-------------------------+-------+-------+-------++-------
Melee: Hand axe          |    93 |    74 |    53 ||   220
       Headbutt          |    11 |    12 |     6 ||    29
Invok: Berserk           |     1 |     2 |     2 ||     5
  Use: Potion            |     1 |       |     1 ||     2
       Scroll            |     6 |     2 |       ||     8
Armor: Animal skin       |     2 |       |       ||     2
       Leather armour    |    22 |       |       ||    22
       Ring mail         |       |    13 |    11 ||    24
Dodge: Dodged            |    39 |    36 |    19 ||    94
